Map: Mist Opportunities

Players

llllllllllll

  • Race: Protoss Protoss
  • Spawn Location: 6:00

DrOrgo

  • Race: Terran Terran
  • Spawn Location: 5:00

VOD

Have the link to the VOD?

Description

Time

  • Played on: Dec. 18, 2017, 1:17 p.m.
  • Length: 30:12
Show
View Real Time Build Order
Export as new Build Order

llllllllllll Protoss 

Build Orders:  

Get SALT Encoding   

  12  0:00  Probe  
  13  0:14  Probe  
  14  0:27  Probe  
  14  0:28  Pylon  
  15  0:50  Probe  
  16  1:04  Probe  
  17  1:11  Assimilator  
  17  1:18  Probe  
  17  1:27  Pylon  
  18  1:32  Probe  
  19  1:46  Probe  
  20  1:56  Nexus  
  20  2:00  Probe  
  21  2:10  Assimilator  
  21  2:14  Probe  
  22  2:24  Gateway  
  22  2:28  Probe  
  23  2:41  Probe  
  24  2:55  Probe  
  25  3:09  Probe  
  26  3:23  Probe  
  26  3:29  Cybernetics Core  
  27  3:34  Probe  
  27  3:37  Probe  
  27  3:39  Pylon  
  28  3:48  Probe  
  29  3:51  Probe  
  31  4:02  Probe  
  31  4:05  Assimilator, Probe  
  31  4:09  Assimilator  
  33  4:16  Probe  
  33  4:19  Probe  
  34  4:20  Death Council  
  34  4:21  Warp Gate  
  35  4:30  Probe  
  35  4:32  Probe  
  37  4:44  Probe  
  37  4:46  Probe  
  39  4:58  Gateway, Probe  
  39  4:59  Gateway  
  39  5:00  Probe  
  39  5:08  Gateway  
  41  5:11  Probe  
  41  5:14  Probe  
  43  5:24  Ascendant Archives  
  43  5:46  Probe, Pylon  
  43  5:47  Probe  
  45  6:00  Probe  
  45  6:04  Pylon  
  46  6:33  Gateway  
  46  6:34  Gateway x2  
  46  6:36  Gateway  
  46  6:50  Ascendant x4, Power Overwhelming  
  54  7:00  Pylon  
  54  7:01  Pylon  
  54  7:03  Pylon  
  54  7:33  Probe  
  54  7:39  Chaotic Attunement  
  55  7:42  Ascendant x2  
  55  7:43  Ascendant x2  
  63  7:50  Pylon  
  63  7:59  Supplicant x8  
  79  8:19  Pylon  
  79  8:22  Pylon x2  
  79  8:28  Mothership  
  79  8:37  Ascendant  
  79  8:38  Ascendant  
  79  8:39  Ascendant x2  
  87  8:40  Supplicant x2  
  87  8:41  Supplicant x4  
  99  9:07  Supplicant x8  
  91  9:37  Supplicant x4  
  91  9:38  Supplicant x6  
  111  10:06  Supplicant x2  
  115  10:14  Pylon  
  115  10:16  Pylon  
  115  10:24  Mind Blast  
  111  10:48  Supplicant x6  
  111  10:49  Supplicant x2  
  113  11:13  Supplicant x6  
  109  11:52  Pylon  
  109  11:53  Pylon  
  109  11:56  Ascendant x3  
  109  11:57  Ascendant  
  109  11:58  Supplicant x4  
  125  12:19  Pylon  
  125  12:25  Pylon  
  125  12:26  Supplicant x8  
  125  12:27  Pylon  
  141  12:32  Pylon  
  141  12:37  Pylon  
  105  13:28  Supplicant x2  
  105  13:29  Supplicant x12  
  123  14:18  Supplicant x2  
  123  14:19  Ascendant x3  
  107  14:20  Supplicant x2  
  107  14:21  Supplicant x4, Ascendant  
  111  14:44  Supplicant x2  
  111  14:45  Supplicant x6  
  121  15:18  Mothership  
  119  15:25  Supplicant x2  
  119  15:26  Supplicant x14  
  127  15:55  Pylon  
  127  15:57  Ascendant x2  
  127  15:58  Ascendant x2  
  127  16:00  Supplicant x4  
  139  16:16  Supplicant x2  
  139  16:17  Supplicant x2  
  133  16:42  Supplicant x8  
  149  16:58  Pylon  
  141  17:08  Supplicant x6  
  107  18:10  Pylon  
  103  18:32  Supplicant x12  
  103  18:33  Supplicant x4  
  135  18:41  Pylon  
  109  19:13  Slayer  
  109  19:14  Slayer x7  
  109  19:58  Ascendant x3  
  109  19:59  Ascendant x4  
  121  20:01  Supplicant x2  
  117  20:38  Supplicant x2  
  121  20:47  Supplicant x14  
  121  21:13  Supplicant x10  
  140  21:50  Supplicant x10  
  160  22:02  Pylon  
  160  22:04  Pylon  
  146  22:36  Supplicant x8  
  146  22:39  Havoc  
  163  22:42  Havoc  
  164  23:08  Supplicant x4  
  166  23:13  Supplicant x6  
  148  23:25  Supplicant x2  
  138  23:51  Supplicant x8  
  154  24:47  Supplicant x2, Pylon  
  154  24:48  Supplicant x8  
  174  24:50  Pylon  
  174  24:51  Pylon  
  156  25:12  Supplicant x4  
  152  25:46  Supplicant x12  
  156  26:04  Supplicant x4  
  164  26:18  Mothership  
  156  26:42  Supplicant x8  
  156  26:44  Supplicant x2  
  156  26:45  Supplicant x2  
  138  27:10  Supplicant x6  
  130  27:54  Supplicant x12  
  148  28:26  Supplicant x8  
  162  28:45  Supplicant x4  
  162  28:46  Supplicant x2  
  174  29:03  Supplicant x4  
  134  29:40  Supplicant x8  
  134  29:41  Supplicant x2  
Show
View Real Time Build Order
Export as new Build Order

DrOrgo Terran 

Build Orders:  

Get SALT Encoding   

Tags
 
Add a new tag
Caveats
  • Supply blocks, unpowered buildings, or Contaminate may cause inaccurate times.
  • Supply counts are checked every 10 seconds.